 Dungeon Crawl Stone Soup version 0.14-a0-1499-g388a102 (webtiles) character file.

78 July the Sneak (level 2, -9/13 HPs)
             Began as a Spriggan Enchanter on Dec 15, 2013.
             Mangled by an ogre
             ... wielding a +0,+0 giant spiked club
              (18 damage)
             ... on Level 4 of the Dungeon.
             The game lasted 00:02:24 (749 turns).

July the Sneak (Spriggan Enchanter)                  Turns: 749, Time: 00:02:24

HP  -9/13        AC  3     Str  4      XL: 2   Next:  6%
MP   7/7         EV 18     Int 16      God:
Gold 69          SH  0     Dex 16      Spells:  1 memorised,  5 levels left

rFire  . . .     SeeInvis +     a - +1 dagger
rCold  . . .     Clarity  .     b - +1 robe
rNeg   . . .     Conserve .     (shield restricted)
rPois  .         rCorr    .     (helmet restricted)
rElec  .         rRot     .     (no cloak)
SustAb . .       Spirit   .     (gloves unavailable)
rMut   .         Warding  .     (boots unavailable)
Saprov . . .     Stasis   .     (no amulet)
                                (no ring)
                                (no ring)

@: very quick, slightly resistant to hostile enchantments, quite stealthy
A: unfitting armour, see invisible, herbivore 3, speed 3, slow metabolism 2
a: no special abilities


You were on level 4 of the Dungeon.
You were not hungry.

You visited 1 branch of the dungeon, and saw 4 of its levels.

You collected 69 gold pieces.

Inventory:

Hand weapons
 a - a +1,+1 dagger (weapon)
Missiles
 d - 12 darts (quivered)
 i - 6 tomahawks
Armour
 b - a +1 robe (worn)
Comestibles
 f - a bread ration
Scrolls
 g - a scroll of noise {unknown}
 h - a scroll of identify {unknown}
 j - a scroll of immolation {unknown}
Potions
 e - a potion of porridge
Books
 c - a book of Maledictions

   Spells                             Type                      Level
   *Corona                            Hexes                        1
   Sure Blade                         Hexes/Charms                 2
   Ensorcelled Hibernation            Hexes/Ice                    2
   Confuse                            Hexes                        3
   Enslavement                        Hexes                        4
   Invisibility                       Hexes                        6


   Skills:
 - Level 1.1 Short Blades
 - Level 1.1 Throwing
 - Level 3.0 Dodging
 + Level 4.3 Stealth
 - Level 2.6 Spellcasting
 - Level 3.6 Hexes


You had 5 spell levels left.
You knew the following spells:

 Your Spells              Type           Power        Failure   Level  Hunger
a - Corona                Hex            ##.....      6%          1    #......


Dungeon Overview and Level Annotations

Branches:
Dungeon (4/16)
 Temple: D:4-7

Altars:

Annotations:
D:4 HollowCharge's ghost, average HESk


Innate Abilities, Weirdness & Mutations

You are tiny and cannot use many weapons and most armour.
You have supernaturally acute eyesight.
You are a herbivore.
You cover ground extremely quickly.
You need consume almost no food.


Message History

The hobgoblin shouts!
The adder misses you. The adder bites you.
The kobold shouts!
The kobold throws a dart of dispersal.
The dart of dispersal hits you!
You blink.
HollowCharge's ghost (average High Elf Skald) comes into view.
The kobold throws a dart of dispersal.
The dart of dispersal hits you!
You blink.
A worker ant comes into view.
HollowCharge's ghost turns its malevolent gaze towards you.
The worker ant twitches its antennae in your direction. 2 orcs and an orc wizard come into view.
An orc priest comes into view. It is wielding an orcish dagger.
You hit the adder.
The adder is moderately wounded.
The adder completely misses you. HollowCharge's ghost barely misses you.
The ogre hits you with a giant spiked club!
Ouch! That really hurt!
You die...

.......... ........ ......#
#....# #....# #...a# #....# #
#....# ?# ... #..p@# ...#
≈≈≈..≈.≈ ≈###..OS########...#
..≈.....GsG.....Ug.....§....#
..≈..≈≈≈ ###................#
..≈..≈≈ #................#
..≈..≈ #........K....?..#
..≈..# #................#
..≈..# #................#
..≈..# #..###++###......#


You could see a black bear, an ogre, a giant eyeball, a worker ant,
HollowCharge's ghost, an adder, a giant cockroach (wandering), a hobgoblin and a
kobold.

Vanquished Creatures
  3 goblins
  A hobgoblin (D:3)
  2 bats (D:2)
  3 rats
9 creatures vanquished.

Notes
Turn   | Place    | Note
--------------------------------------------------------------
     0 | D:1      | July, the Spriggan Enchanter, began the quest for the Orb.
     0 | D:1      | Reached XP level 1. HP: 9/9 MP: 4/4
   301 | D:3      | Reached skill level 4 in Stealth
   353 | D:3      | Reached XP level 2. HP: 10/13 MP: 7/7
   448 | D:3      | Noticed a worker ant
   679 | D:4      | Noticed an ogre
   709 | D:4      | Noticed a black bear
   741 | D:4      | Noticed HollowCharge's ghost (average HESk)
   749 | D:4      | Mangled by an ogre

Action                   || total
-------------------------++-------
Melee: Dagger            ||    42
 Stab: Sleeping          ||     2
